 Dungeon Crawl Stone Soup version 0.31-a0-845-g9abc20d24f (webtiles) character file.

Game seed: 878705438472879472

22 BinkBink the Shooter (level 2, 0/17 HPs)
             Began as a Deep Elf Hunter on Oct 1, 2023.
             Succumbed to an adder's poison
             ... on level 2 of the Dungeon.
             The game lasted 00:01:05 (958 turns).

BinkBink the Shooter (Deep Elf Hunter)               Turns: 958, Time: 00:01:05

Health: 0/17       AC:  3    Str:  8    XL:     2   Next: 68%
Magic:  4/4        EV: 12    Int: 13    God:
Gold:   24         SH:  0    Dex: 18    Spells: 1/1 levels left

rFire   . . .        a - +0 shortbow
rCold   . . .        (shield currently unavailable)
rNeg    . . .        c - +0 leather armour
rPois   .            (no helmet)
rElec   .            (no cloak)
rCorr   .            (no gloves)
SInv    .            (no boots)
Will    .....        (no amulet)
Stlth   ++           d - ring of flight
HPRegen 0.22/turn    (no ring)
MPRegen 0.09/turn

%: no passive effects
@: lethally poisoned (0 -> -2), flying
A: no striking features
a: no special abilities


You were on level 2 of the Dungeon.
You visited 1 branch of the dungeon, and saw 2 of its levels.

You collected 24 gold pieces.

Inventory:

Hand Weapons
 a - a +0 shortbow (weapon)
Armour
 c - a +0 leather armour (worn)
Jewellery
 d - a ring of flight (left hand)
 h - a ring of see invisible
Scrolls
 b - a scroll of butterflies
 e - a scroll of brand weapon {unknown}
 i - a scroll of immolation {unknown}
 j - a scroll of fog {unknown}
Potions
 f - a potion of berserk rage {unknown}
 g - a potion of enlightenment {unknown}


   Skills:
 + Level 2.0 Fighting
 * Level 6.1 Ranged Weapons
 - Level 2.4 Dodging
 - Level 1.2 Stealth


You had one spell level left.
You didn't know any spells.
Your spell library was empty.

Dungeon Overview and Level Annotations

Branches:
Dungeon (2/15)

Altars:


Message History

The adder is heavily wounded.
The adder bites you but does no damage. The adder closely misses you.
You shoot an arrow. The arrow misses the adder.
The adder bites you.
You shoot an arrow. The arrow misses the adder.
The adder barely misses you. The adder bites you.
You shoot an arrow. The arrow misses the adder.
The adder bites you.
You shoot an arrow. The arrow closely misses the adder.
The adder closely misses you. The adder bites you but does no damage.
You shoot an arrow. The arrow hits the adder.
The adder is severely wounded.
The adder bites you but does no damage.
You shoot an arrow. The arrow misses the adder.
The adder bites you. The adder misses you.
You shoot an arrow. The arrow misses the adder.
The adder bites you. The adder completely misses you.
You are too injured to fight recklessly!
You are too injured to fight recklessly!
You are too injured to fight recklessly!
You are too injured to fight recklessly!
You are too injured to fight recklessly!
You are too injured to fight recklessly!
You are too injured to fight recklessly!
You shoot an arrow. The arrow closely misses the adder.
The adder bites you.
You are poisoned.
The adder poisons you!
You shoot an arrow.
The arrow hits the adder but does no damage.
The adder is severely wounded.
* * * LOW HITPOINT WARNING * * *
You feel sick. The adder misses you.
You shoot an arrow. The arrow misses the adder.
You feel sick. The adder bites you.
* * * LOW HITPOINT WARNING * * *
The adder closely misses you.
You shoot an arrow. The arrow hits the adder.
The adder is almost dead.
* * * LOW HITPOINT WARNING * * *
You feel sick. The adder misses you. The adder bites you but does no damage.
You shoot an arrow. The arrow misses the adder.
You die...

#..# .. .. # #..#
#.###. .# #..#
.(....##### .#
##.# # #..#.....
..# #<.#.#
#......####..#
#..#.#
#.......#.....
#....#
#S.....######..###
#.@........)...#
##.#..........##
#.#.....######
#.#......#
#.###.#....
#.....#......
#.....#..#.....
#.....#..#.....
#.....#... .##.


You could see an adder.

Vanquished Creatures
  2 dart slugs (D:1)
  3 bats
  2 goblins
  3 hobgoblins
  2 quokkas (D:1)
  A ball python (D:1)
  A kobold (D:1)
  3 rats (D:1)
17 creatures vanquished.

Notes
Turn   | Place    | Note
-------+----------+-------------------------------------------
     0 | D:1      | BinkBink the Deep Elf Hunter began the quest for the Orb.
     0 | D:1      | Reached XP level 1. HP: 12/12 MP: 3/3
   360 | D:1      | Found a faded altar of an unknown god.
   379 | D:1      | Reached XP level 2. HP: 17/17 MP: 4/4
   556 | D:1      | Reached skill level 6 in Ranged Weapons
   958 | D:2      | Succumbed to an adder's poison

Illustrated notes

Levels and vault maps discovered:
D:1:      ldierk_walled_garden_2, layout_basic, ebering_ecumenical_altar_box
D:2:      layout_basic

Skill      XL: |  1  2 |
---------------+-------+-----
Ranged Weapons | 6 |  6.1
Fighting       | 2 |  2.0
Dodging        | |  2.4
Stealth        | |  1.2

Action                     || total
---------------------------++-------
   Fire: Shortbow          ||    52
 Armour: Leather armour    ||    15
  Dodge: Dodged            ||    14

Table legend: (Time is in decaauts)
 A = Elapsed time spent in this place.
 B = Non-inter-level travel time spent in this place.
 C = Inter-level travel time spent in this place.
 D = Time resting spent in this place.
 E = Time spent auto-exploring this place.
 F = Levels seen in this place.
 G = Mean time per level.
                   A        B        C        D        E       F      G
               +--------+--------+--------+--------+--------+-----+--------+
         Total |    965 |    939 |     26 |      0 |    847 |   2 |  482.5 |
       Dungeon |    965 |    939 |     26 |      0 |    847 |   2 |  482.5 |
               +--------+--------+--------+--------+--------+-----+--------+

Top non-repeatable levels by time:
     D:1: 920 daAuts
     D:2: 45 daAuts
